 Dungeon Crawl Stone Soup version 0.20.0-9-g8272e65 (webtiles) character file.

127080 Chiseanne the Peltast (level 16, -4/129 HPs)
             Began as a Minotaur Fighter on June 3, 2017.
             Was the Champion of Makhleb.
             Slain by a spriggan rider
             ... wielding a +0 spear
              (6 damage)
             ... on level 2 of the Swamp.
             The game lasted 01:09:10 (24593 turns).

Chiseanne the Peltast (Minotaur Fighter)           Turns: 24593, Time: 01:09:11

Health: -4/129     AC: 24    Str: 23    XL:     16   Next: 45%
Magic:  24/24      EV:  2    Int:  5    God:    Makhleb [******]
Gold:   567        SH:  0    Dex: 15    Spells: 11/15 levels left

rFire    + . .     SeeInvis .   a - +12 scimitar of the Tooth {venom, rF+ rC+}
rCold    + + +     Gourm    .   o - +0 shield
rNeg     + + +     Faith    .   P - +3 chain mail "Nosch" {rElec rC+}
rPois    ∞         Spirit   .   (helmet restricted)
rElec    +         Reflect  +   T - +0 cloak
rCorr    .         Harm     .   x - +1 pair of gloves
MR       +....                  I - +2 pair of boots {run}
Stlth    ..........             O - +3 amulet of reflection
Regen    0.4/turn               d - ring of Butchery {rPois rC+ Stlth+}
MPRegen  0.2/turn               D - +2 ring of slaying

@: petrified, quick
A: retaliatory headbutt, horns 2
a: Minor Destruction, Lesser Servant of Makhleb, Major Destruction, Greater
Servant of Makhleb, Renounce Religion


You were on level 2 of the Swamp.
You worshipped Makhleb.
Makhleb was exalted by your worship.
You were hungry.

You visited 4 branches of the dungeon, and saw 26 of its levels.
You also visited: Labyrinth and Sewer.

You collected 2964 gold pieces.
You spent 2397 gold pieces at shops.

Inventory:

Hand Weapons
 a - the +12 scimitar of the Tooth (weapon) {venom, rF+ rC+}
   (You found it in a labyrinth)

   It poisons the flesh of those it strikes.
   It protects you from fire.
   It protects you from cold.
 s - a +3 scimitar of flaming
 t - a +2 war axe
 w - a +0 blowgun
 W - a +4 flail of holy wrath
Missiles
 b - a throwing net (quivered)
 g - 5 curare-tipped needles
 u - 33 poisoned needles
 Q - 4 silver tomahawks
Armour
 o - a +0 shield (worn)
 x - a +1 pair of gloves (worn)
 I - a +2 pair of boots of running (worn)
 P - the +3 chain mail "Nosch" (worn) {rElec rC+}
   (You found it on level 5 of the Lair of Beasts)

   It protects you from cold.
   It insulates you from electricity.
 T - a +0 cloak (worn)
Jewellery
 d - the ring of Butchery (left hand) {rPois rC+ Stlth+}
   (You bought it in a shop on level 2 of the Orcish Mines)

   [ring of protection from cold]

   It protects you from cold.
   It protects you from poison.
   It makes you more stealthy.
 r - an uncursed ring of resist corrosion
 D - a +2 ring of slaying (right hand)
 O - a +3 amulet of reflection (around neck)
Wands
 h - a wand of iceblast (5/15)
 q - a wand of iceblast (0/15)
 A - a wand of iceblast (10/15)
 E - a wand of lightning (0/15)
 X - a wand of digging (13/24)
Scrolls
 k - a scroll of immolation
 l - 6 scrolls of remove curse
 v - 11 scrolls of fog
 z - 7 scrolls of teleportation
 K - a scroll of blinking
 M - 7 scrolls of identify
 N - a scroll of fear
 R - 5 scrolls of magic mapping
Potions
 e - 16 potions of curing
 i - 7 potions of flight
 n - 3 potions of berserk rage
 F - 3 potions of haste
 G - a potion of agility
 H - a potion of heal wounds
 V - 2 potions of cancellation
Comestibles
 c - 3 royal jellies
 f - 15 bread rations
 j - 2 chunks of flesh
 m - 12 meat rations


   Skills:
 * Level 8.5 Fighting
 - Level 11.6 Long Blades
 - Level 11.4 Axes
 - Level 14.4 Armour
 * Level 14.8 Dodging
 * Level 16.1 Shields
 * Level 12.8 Invocations


You had 11 spell levels left.
You knew the following spells:

 Your Spells              Type           Power        Failure   Level  Hunger
a - Apportation           Tloc           #.....       94%         1    ##.....
b - Regeneration          Chrm/Necr      #.........   100%        3    ####...


Dungeon Overview and Level Annotations

Branches:
Dungeon (15/15)            Temple (0/1) D:5            Lair (6/6) D:9
  Swamp (3/4) Lair:2        Snake (0/4) Lair:2        Slime (0/5) Lair:5
    Orc (2/2) D:11            Elf (0/3) Orc:2        Vaults (0/5) D:13
 Depths (0/5) D:15

Altars:
Cheibriados
Elyvilon
Makhleb
Qazlal
Vehumet
Xom
Yredelemnul
Zin
Beogh

Shops:
D:6 [=   D:9 }   D:10 [   D:11 (   D:13 (   Orc:1 :   Orc:2 ==

Annotations:
D:11 1 runed door
D:14 exclusion: Roxanne, Roxanne
Swamp:2 Jorgrun


Innate Abilities, Weirdness & Mutations

You reflexively headbutt those who attack you in melee.
You have a pair of horns on your head.


Message History

* * * LOW HITPOINT WARNING * * *
You are feeling hungry.
Jorgrun drinks a potion.
Jorgrun is healed!
The spriggan rider hits you but does no damage.
Jorgrun hits you with a quarterstaff of crushing.
* * * LOW HITPOINT WARNING * * *
The spriggan rider hits you from afar with a spear!
* * * LOW HITPOINT WARNING * * *
Jorgrun drinks a potion.
Jorgrun is healed!
The spriggan rider hits you from afar with a spear.
* * * LOW HITPOINT WARNING * * *
Jorgrun hits you with a quarterstaff of crushing.
* * * LOW HITPOINT WARNING * * *
The spriggan rider hits you but does no damage.
Jorgrun splashes around in the water.
The spriggan rider barely misses you.
The spriggan rider hits you from afar with a spear!
* * * LOW HITPOINT WARNING * * *
Jorgrun hits you but does no damage.
The spriggan rider hits you from afar with a spear!
You die...

.♣ ♣.♣ ♣♣ .≈.
♣ ♣.♣ ♣
♣♣≈.♣♣ ♣ ≈ ♣
♣≈... ♣ ≈≈♣.
♣≈..♣♣ ♣
..≈..♣♣...≈♣
♣ ♣........♣
♣ ♣....@♣.[♣♣
♣♣
♣♣..†g♣...♣
.♣
♣≈...i♣♣..♣
.♣
♣≈♣...≈♣♣..♣♣
.♣ ♣
♣≈≈.≈≈♣≈>.♣
§♣
♣≈≈♣♣♣♣♣.≈.♣
≈♣ .≈. ♣≈..♣
.♣♣. ♣..♣
♣♣..♣ .≈≈≈
...


You could see Jorgrun and a spriggan rider.

Vanquished Creatures
  A thorn hunter (Swamp:1)
  Kirke (D:14)
  A frost giant (D:14)
  A very ugly thing (Swamp:2)
  Azrael (D:14)
  2 ettins
  A minotaur (Lab)
  10 hydras
  Erolcha (Orc:2)
  4 vault guards (D:13)
  Erica (Lair:2)
  3 death knights
  3 catoblepae (Lair:6)
  9 two-headed ogres
  5 centaur warriors
  4 alligators (Swamp:1)
  12 death yaks (Lair:6)
  2 orc high priests (Orc:1)
  The ghost of Beardradial the Bludgeoner, a novice MiBe of Trog (D:9)
  4 tengu warriors
  A spriggan (Swamp:2)
  Nergalle (Lair:2)
  10 skeletal warriors
  The ghost of Beardradial the Basher, a novice MiBe of Trog (D:8)
  A shadow wraith (D:14)
  A deep troll (D:15)
  A shambling mangrove (Swamp:2)
  An unseen horror (D:13)
  A lindwurm (Lair:6)
  Pikel (D:6)
  An orc knight (D:15)
  3 cyclopes
  A deep elf mage (D:15)
  7 ugly things
  11 orc sorcerers
  11 elephants
  5 manticores
  A centaur zombie (D:13)
  Maurice (D:10)
  A black mamba (shapeshifter) (D:14)
  2 black mambas
  A gargoyle (D:15)
  17 spiny frogs
  A torpor snail (Lair:4)
  7 centaur skeletons
  2 rime drakes (D:12)
  4 yaktaurs (D:15)
  8 komodo dragons
  A harpy zombie (D:15)
  4 tyrant leeches
  A polar bear (Lair:4)
  5 trolls
  3 blink frogs (Lair:6)
  3 hornets
  A bog body (Swamp:1)
  3 dream sheep (Lair:6)
  26 slime creatures
  7 hippogriffs
  3 shadows
  A basilisk (Lair:5)
  A wraith (D:15)
  69 yaks
  4 wyverns
  4 fire elementals (D:14)
  2 hungry ghosts
  A hog (D:14)
  Grum (D:9)
  A steam dragon (D:8)
  10 vampire mosquitoes
  9 wargs
  4 swamp worms
  Duvessa (D:7)
  2 hell hounds (D:14)
  3 nagas (Lair:2)
  2 acid dragons
  15 water moccasins
  6 porcupines
  A black bear (shapeshifter) (D:15)
  2 slaves (D:6)
  3 black bears
  3 swamp drakes
  8 ice beasts
  6 sky beasts
  22 orc warriors
  A phantom (D:14)
  A necrophage (D:6)
  10 ogres
  10 wolves
  8 crocodiles
  8 centaurs
  A big kobold (D:12)
  20 bullfrogs
  Dowan (D:7)
  A hornet simulacrum (D:14)
  5 scorpions
  A wyvern skeleton (D:12)
  A killer bee (D:11)
  A wight (D:14)
  6 howler monkeys
  2 electric eels (D:9)
  8 crimson imps
  2 quasits
  A bullfrog zombie (D:12)
  15 hounds
  5 jellies
  14 orc priests
  42 orc wizards
  A bullfrog skeleton (D:5)
  20 worker ants
  5 iguanas
  Natasha (twice) (D:2)
  A hound zombie (D:8)
  A hound skeleton (D:5)
  7 gnolls
  2 river rats (D:6)
  25 adders
  6 shadow imps
  6 oozes
  An adder zombie (D:10)
  2 adder skeletons
  5 worms
  8 dart slugs
  7 leopard geckos
  115 orcs
  2 ball pythons
  10 bats
  12 giant cockroaches
  9 goblins
  6 hobgoblins
  9 jackals
  11 kobolds
  4 quokkas
  9 frilled lizards
  A jackal skeleton (D:4)
  A quokka skeleton (D:6)
  7 rats
  A briar patch (Swamp:1)
  A toadstool (Swamp:1)
869 creatures vanquished.

Vanquished Creatures (collateral kills)
  An orc warlord (Orc:1)
  A two-headed ogre (Orc:1)
  An orc knight (Orc:1)
  2 dream sheep (Lair:6)
  3 yaks (D:13)
  An orc warrior (Orc:1)
  2 orc priests (Orc:1)
  2 orc wizards (Orc:1)
  An orc (Orc:1)
14 creatures vanquished.

Vanquished Creatures (others)
  A deep elf archer (D:15)
  A cyclops (D:14)
  A bog body (Swamp:2)
  A spriggan (Swamp:2)
  6 humans (D:14)
  A centaur (D:9)
  2 orc wizards (Orc:2)
  An iguana (D:10)
  2 orcs
  A rat (D:6)
  7 fungi (Lair:6)
  2 plants (Lair:6)
  4 toadstools (Swamp:1)
30 creatures vanquished.

Grand Total: 913 creatures vanquished

Notes
Turn   | Place    | Note
-------+----------+-------------------------------------------
     0 | D:1      | Chiseanne the Minotaur Fighter began the quest for the Orb.
     0 | D:1      | Reached XP level 1. HP: 19/19 MP: 0/0
    44 | D:1      | Reached XP level 2. HP: 27/27 MP: 1/1
   215 | D:1      | Reached skill level 1 in Dodging
   393 | D:1      | Reached skill level 4 in Shields
   613 | D:1      | Reached XP level 3. HP: 33/33 MP: 2/2
  1031 | D:2      | Reached XP level 4. HP: 40/40 MP: 3/3
  1126 | D:2      | Noticed Natasha
  1132 | D:2      | Killed Natasha
  1374 | D:2      | Noticed Natasha
  1380 | D:2      | Killed Natasha
  1380 | D:2      | Reached XP level 5. HP: 47/47 MP: 4/4
  1429 | D:2      | Found a white marble altar of Elyvilon.
  1539 | D:3      | Found a burning altar of Makhleb.
  1544 | D:3      | Became a worshipper of Makhleb the Destroyer
  1688 | D:3      | Reached skill level 5 in Shields
  1796 | D:3      | Reached * piety under Makhleb
  1805 | D:3      | Reached XP level 6. HP: 44/53 MP: 5/5
  2536 | D:4      | Reached skill level 5 in Armour
  2585 | D:4      | Reached skill level 5 in Fighting
  2736 | D:4      | Reached XP level 7. HP: 61/61 MP: 6/6
  3133 | D:4      | Found a snail-covered altar of Cheibriados.
  3359 | D:4      | Reached ** piety under Makhleb
  3508 | D:5      | Entered Level 5 of the Dungeon
  3517 | D:5      | Reached skill level 6 in Shields
  3519 | D:5      | Found a radiant altar of Vehumet.
  3558 | D:5      | Reached skill level 5 in Axes
  3655 | D:5      | Reached XP level 8. HP: 53/70 MP: 7/7
  3804 | D:5      | Found a staircase to the Ecumenical Temple.
  4504 | D:6      | Reached *** piety under Makhleb
  4504 | D:6      | Reached skill level 7 in Shields
  4576 | D:6      | Noticed Pikel
  4603 | D:6      | Killed Pikel
  4603 | D:6      | Reached skill level 5 in Dodging
  4603 | D:6      | Reached XP level 9. HP: 79/79 MP: 8/8
  4680 | D:6      | Found a glowing drain.
  4689 | Sewer    | Entered a sewer
  4973 | D:6      | Found Udadd's Jewellery Boutique.
  4977 | D:6      | Bought a +2 amulet of reflection for 90 gold pieces
  4982 | D:6      | Bought a +3 ring of protection for 252 gold pieces
  5197 | D:6      | Reached **** piety under Makhleb
  5249 | D:6      | Found a stormy altar of Qazlal.
  5280 | D:6      | Found Wughaox's Armour Emporium.
  5481 | D:7      | Noticed Duvessa
  5481 | D:7      | Noticed Dowan
  5507 | D:7      | Killed Duvessa
  5513 | D:7      | Reached skill level 1 in Invocations
  5518 | D:7      | Killed Dowan
  5518 | D:7      | Reached skill level 8 in Shields
  6141 | D:8      | Found a basalt altar of Yredelemnul.
  6471 | D:8      | Reached XP level 10. HP: 86/86 MP: 11/11
  6475 | D:8      | Found a roughly hewn altar of Beogh.
  6499 | D:8      | Reached ***** piety under Makhleb
  6752 | D:9      | Reached skill level 9 in Shields
  6906 | D:9      | Noticed Grum
  6929 | D:9      | Killed Grum
  6970 | D:9      | Noticed Beardradial's ghost (novice MiBe)
  6997 | D:9      | Killed Beardradial's ghost
  6997 | D:9      | Reached skill level 10 in Shields
  6997 | D:9      | Reached skill level 5 in Invocations
  7029 | D:9      | Found a staircase to the Lair.
  7087 | D:9      | Found a glowing silver altar of Zin.
  7105 | D:9      | Reached XP level 11. HP: 38/92 MP: 13/13
  7361 | D:9      | Reached skill level 10 in Armour
  7423 | D:9      | Found Tothuj's Gadget Shoppe.
  7590 | D:10     | Entered Level 10 of the Dungeon
  7843 | D:10     | Noticed Maurice
  7863 | D:10     | Killed Maurice
  8133 | D:10     | Found Noprepeu's Armour Shop.
  8220 | D:10     | Reached skill level 10 in Axes
  8423 | D:11     | Found a runed door.
  8434 | D:11     | Found a runed door.
  8518 | D:11     | Found Ratainuc's Weapon Boutique.
  8518 | D:11     | Found a staircase to the Orcish Mines.
  8590 | D:11     | Reached ****** piety under Makhleb
  8691 | D:11     | Noticed a death knight
  9425 | D:11     | Noticed a green death
  9453 | D:11     | Reached skill level 11 in Shields
  9814 | D:11     | Killed a death knight
  9922 | D:12     | Reached XP level 12. HP: 78/100 MP: 16/16
 10010 | D:12     | Found a frozen archway.
 10423 | D:12     | Noticed a two-headed ogre
 10430 | D:12     | Killed a two-headed ogre
 10430 | D:12     | Reached skill level 10 in Dodging
 10439 | D:12     | Found a shimmering altar of Xom.
 10919 | D:13     | Found a labyrinth entrance.
 10951 | Lab      | Entered a labyrinth
 11979 | Lab      | Noticed a minotaur
 11990 | Lab      | Killed a minotaur
 11995 | Lab      | Identified the Compendium of Unstable Execration
 11998 | Lab      | Got a pitted scimitar
 12009 | Lab      | Identified a +1 pair of boots of running (You found it in a labyrinth)
 12010 | Lab      | Identified the +12 scimitar of the Tooth {venom, rF+ rC+} (You found it in a labyrinth)
 12032 | D:13     | Noticed a four-headed hydra
 12044 | D:13     | Killed a one-headed hydra
 12044 | D:13     | Reached skill level 1 in Long Blades
 12064 | D:13     | Found a gate to the Vaults.
 12064 | D:13     | Noticed a vault guard
 12064 | D:13     | Noticed a vault guard
 12064 | D:13     | Noticed a vault guard
 12065 | D:13     | Noticed a centaur warrior
 12066 | D:13     | Noticed a vault guard
 12077 | D:13     | Killed a vault guard
 12093 | D:13     | Killed a vault guard
 12093 | D:13     | Reached skill level 12 in Shields
 12094 | D:13     | Killed a vault guard
 12098 | D:13     | Killed a centaur warrior
 12107 | D:13     | Killed a vault guard
 12107 | D:13     | Reached XP level 13. HP: 80/105 MP: 18/18
 12476 | D:13     | Found Qotaxube's Weapon Boutique.
 12771 | D:14     | Noticed Roxanne
 12882 | D:14     | Learned a level 1 spell: Apportation
 12940 | D:14     | Noticed Azrael
 12969 | D:14     | Killed Azrael
 13173 | D:14     | Reached skill level 5 in Long Blades
 13188 | D:14     | Noticed Kirke
 13202 | D:14     | Killed Kirke
 13219 | D:14     | Got a bloodstained chain mail
 13230 | D:14     | Identified the +1 chain mail of the Lair of Beasts {Str+4 Int+6 Dex-3} (You found it on level 14 of the Dungeon)
 13296 | D:14     | Noticed a frost giant
 13311 | D:14     | Killed a frost giant
 13318 | D:14     | Reached skill level 13 in Shields
 13652 | D:14     | Reached XP level 14. HP: 98/113 MP: 20/20
 13657 | D:14     | Learned a level 3 spell: Regeneration
 13866 | D:14     | Reached skill level 10 in Invocations
 13906 | D:15     | Entered Level 15 of the Dungeon
 14377 | D:15     | Found a staircase to the Depths.
 15558 | D:15     | Reached skill level 14 in Shields
 15893 | Orc:1    | Entered Level 1 of the Orcish Mines
 15951 | Orc:1    | Found a transporter.
 16212 | Orc:1    | Found a roughly hewn altar of Beogh.
 16216 | Orc:1    | Noticed an orc warlord
 16283 | Orc:1    | Killed an orc warlord
 16327 | Orc:1    | Identified Tuoloaxzay's Handbook of Enchanting Air
 16330 | Orc:1    | Got a sparkling lapis lazuli ring
 16359 | Orc:1    | Found a transporter.
 16363 | Orc:1    | Identified the ring of Suspicion {rC+ Dex+3} (You found it on level 1 of the Orcish Mines)
 16437 | Orc:2    | Entered Level 2 of the Orcish Mines
 16477 | Orc:2    | Found a staircase to the Elven Halls.
 16637 | Orc:2    | Paralysed by an orc sorcerer for 3 turns
 16676 | Orc:2    | Found a roughly hewn altar of Beogh.
 16678 | Orc:2    | Paralysed by an orc sorcerer for 7 turns
 16685 | Orc:2    | Reached XP level 15. HP: 118/118 MP: 22/22
 16701 | Orc:2    | Found Wuill's Jewellery Emporium.
 16731 | Orc:2    | Found Rirch's Jewellery Shop.
 16805 | Orc:2    | Found Leptag's Magic Scroll Emporium.
 16825 | Orc:2    | Found Ropt's Distillery.
 17011 | Orc:2    | Noticed Erolcha
 17027 | Orc:2    | Killed Erolcha
 17293 | Orc:1    | Found Kaskest's Book Shoppe.
 17545 | Orc:2    | Bought a scroll of enchant armour for 120 gold pieces
 17545 | Orc:2    | Bought a scroll of identify for 32 gold pieces
 17545 | Orc:2    | Bought a scroll of enchant weapon for 120 gold pieces
 17545 | Orc:2    | Bought a scroll of immolation for 56 gold pieces
 17545 | Orc:2    | Bought a scroll of teleportation for 48 gold pieces
 17545 | Orc:2    | Bought a scroll of identify for 32 gold pieces
 17545 | Orc:2    | Bought a scroll of identify for 32 gold pieces
 17554 | Orc:2    | Bought a potion of curing for 39 gold pieces
 17554 | Orc:2    | Bought a potion of haste for 130 gold pieces
 17554 | Orc:2    | Bought a potion of curing for 39 gold pieces
 17554 | Orc:2    | Bought a potion of agility for 52 gold pieces
 17554 | Orc:2    | Bought a potion of heal wounds for 65 gold pieces
 17554 | Orc:2    | Bought a potion of curing for 39 gold pieces
 17554 | Orc:2    | Bought a potion of haste for 130 gold pieces
 17554 | Orc:2    | Bought a potion of brilliance for 52 gold pieces
 17586 | Orc:2    | Bought a +3 amulet of reflection for 188 gold pieces
 17589 | Orc:2    | Bought a cursed ring of loudness for 54 gold pieces
 17681 | D:8      | Noticed Beardradial's ghost (novice MiBe)
 17689 | D:8      | Killed Beardradial's ghost
 17743 | D:6      | Bought the cursed +1 leather armour of Indomitability {rN+ Regen+ Int+3 SInv} for 359 gold pieces
 17848 | Lair:1   | Entered Level 1 of the Lair of Beasts
 18538 | Lair:1   | Reached skill level 10 in Long Blades
 18828 | Lair:2   | Found a staircase to the Snake Pit.
 18888 | Lair:2   | Noticed Erica
 18900 | Lair:2   | Killed Erica
 19043 | Lair:2   | Found a staircase to the Swamp.
 19083 | Lair:2   | Noticed Nergalle
 19092 | Lair:2   | Killed Nergalle
 20081 | Lair:4   | Reached skill level 15 in Shields
 21156 | Lair:5   | Found a staircase to the Slime Pits.
 21319 | Lair:5   | Identified the +3 chain mail "Nosch" {rElec rC+} (You found it on level 5 of the Lair of Beasts)
 21669 | Lair:6   | Entered Level 6 of the Lair of Beasts
 22372 | Lair:6   | Reached XP level 16. HP: 126/126 MP: 24/24
 23115 | Orc:2    | Bought the ring of Butchery {rPois rC+ Stlth+} for 468 gold pieces
 23347 | Swamp:1  | Entered Level 1 of the Swamp
 23446 | Swamp:1  | Noticed a thorn hunter
 23460 | Swamp:1  | Killed a thorn hunter
 23978 | Swamp:1  | Reached skill level 16 in Shields
 24522 | Swamp:2  | You fall through a shaft!
 24575 | Swamp:2  | Noticed Jorgrun
 24592 | Swamp:2  | HP: 2/129 [spriggan rider/spear (6)]
 24593 | Swamp:2  | Slain by a spriggan rider

Skill      XL: |  1  2  3  4  5  6  7  8  9 10 11 12 13 14 15 16 |
---------------+-------------------------------------------------+-----
Dodging        | 1 2 3 4 5 6 8 9 10 11 13 14 | 14.8
Shields        | 4 5 6 7 8 10 11 12 13 14 15 16 | 16.1
Fighting       | 4 5 6 7 8 |  8.5
Armour         | 4 5 7 8 9 11 12 13 14 | 14.4
Axes           | 3 4 5 6 8 9 10 11 | 11.4
Invocations    | 2 5 6 8 9 10 12 | 12.8
Long Blades    | 3 6 9 11 | 11.6

Action                   |  1- 3 |  4- 6 |  7- 9 | 10-12 | 13-15 | 16-18 || total
-------------------------+-------+-------+-------+-------+-------+-------++-------
Melee: War axe           |    74 |   177 |   158 |       |       |       ||   409
       Headbutt          |    15 |    34 |    72 |   184 |   309 |    86 ||   700
       Hand axe          |       |       |   248 |   710 |       |       ||   958
       Scimitar          |       |       |       |    33 |  1069 |   278 ||  1380
 Fire: Blowgun           |       |       |       |     4 |     6 |       ||    10
Invok: Lesser Servant of |       |       |       |     2 |       |       ||     2
       Greater Servant o |       |       |       |     2 |     3 |       ||     5
Evoke: Wand              |       |       |       |     3 |     8 |       ||    11
  Use: Potion            |       |     1 |     1 |     4 |    10 |       ||    16
       Scroll            |       |    10 |     9 |     7 |    15 |     2 ||    43
 Stab: Invisible         |       |       |       |       |     6 |       ||     6
       Confused          |       |       |       |       |       |     1 ||     1
  Eat: Chunk             |       |     6 |    14 |    15 |    28 |     4 ||    67
       Fruit             |       |       |       |     3 |       |     3 ||     6
       Royal jelly       |       |       |       |     2 |     1 |       ||     3
Armor: Scale mail        |    34 |    91 |   104 |       |       |       ||   229
       Ring mail         |       |       |    27 |   154 |   198 |       ||   379
       Leather armour    |       |       |       |       |    75 |     1 ||    76
       Chain mail        |       |       |       |       |       |    80 ||    80
Dodge: Dodged            |    20 |    59 |   165 |   271 |   521 |   131 ||  1167
Block: Shield            |    36 |    75 |   232 |   450 |   849 |   219 ||  1861
       Reflection        |       |       |     2 |    17 |    31 |     1 ||    51
       Rpst.: Scimitar   |       |       |       |     2 |   123 |    30 ||   155
